← All builds
Geo sea / Cortex / Economy first / OBSERVED BUILD

Standard geo sea

Cortex Geo sea build order · Supreme Isthmus

The role's default economy-first play: bot lab then shipyard in the cove, quick frigate/submarine/destroyer navy to contest sea and hold the coast, transitioning into whatever the sea fight needs.

Usually shipyard in the cove (98%)

#naval #eco · 976 distinct matches · 100 players · 83% of Cortex Geo sea games · team won 52% of 1095 · Recently observed

HOW TO PLAY IT

Key timing: Shipyard by 3:18

  1. Open 3 mex, wind and solar, then Bot Lab.
  2. Get a BP and costal torpedo launcher up before the Shipyard.
  3. Put up Shipyard once you can defend it.
  4. Push out "submarine" and "frigate" to contest the sea.
  5. Add geothermal to fund the fleet transition into "destroyer", "missile corvette".

Phase by phase

TYPICAL OF ITS 976 GAMES
  1. 1
  2. 2
  3. 3
  4. 4
PLAY THE OPENING

Follow the example game's first 6:00 step by step: what to build now, what comes next, and where it goes. At 1× it keeps pace with your own game.

  1. 1

    Up to the Bot Lab

    Economy
    • Metal Extractor3Mex
    • Wind Turbine3Wind
    Order
    1. Bot LabBot Lab after 3 mex, 3 winddone ~1:12, middle half 1:06–1:26

    Some games also: wind for allies (49%)

    By 0:55 in all: 3 mex · 3 wind

    The example game in this phase · 7 steps
    1. Mex ×3
    2. Wind
    3. Windfor Air
    4. Wind ×2
    5. Windfor Air
    6. Wind ×2
    7. Bot LabBot Labdone 1:30 · typical 1:12
  2. 2

    Bot Lab to Shipyard

    Economy
    • Metal Extractor1Mex
    • Wind Turbine2Wind
    Order
    1. ShipyardShipyard after 4 mex, 5 wind, 1 energy storagedone ~3:17, middle half 3:02–3:33
    Builders
    • Construction Bot3 Con bot
    • Graverobber2 Graverobber
    Army
    • Grunt1 Grunt

    Some games also: con turret (46%) · trasher (39%) · energy storage (34%) · wind for allies (32%)

    By 2:51 in all: 4 mex · 5 wind

    The example game in this phase · 5 steps
    1. Construction BotCon bot ×3
    2. GraverobberGraverobber
    3. Mex
    4. GraverobberGraverobber
    5. ShipyardShipyarddone 2:55 · typical 3:17
  3. 3

    Shipyard to 5:00

    Economy
    • Metal Extractor4Mex
    Builders
    • Construction Ship1 Con ship
    Army
    • Riptide2 Frigate
    • Orca1 Submarine
    Other
    • Radar Tower1 Radar Tower

    Some games also: Guard (49%) · wind (48%) · missile corvette (48%) · destroyer (46%) · gunboat (40%)

    By 5:00 in all: 8 mex · 6 wind · 1 energy storage · 1 con turret

    The example game in this phase · 21 steps
    1. TrasherTrasher
    2. GraverobberGraverobber
    3. Construction ShipCon ship
    4. TrasherTrasher
    5. Mex
    6. GruntGrunt
    7. SupporterGunboat
    8. GruntGrunt
    9. SupporterGunboat
    10. Mex
    11. SupporterGunboat ×3
    12. Mex
    13. SupporterGunboat
    14. Mex
    15. SupporterGunboat ×4
    16. OppressorDestroyerdone 4:49 · typical 5:52
    17. Radar TowerRadar Tower
    18. Mex
    19. Wind
    20. Death CavalryDeath Cavalry
    21. Naval Radar / Sonar TowerNaval Radar / Sonar Tower
  4. 4

    5:00 to 10:00

    Economy
    • Metal Extractor2Mex
    • Wind Turbine8Wind
    • Energy Converter1Converter
    Builders
    • Construction Turret1 Con turret
    • Death Cavalry2 Death Cavalry
    • Construction Ship1 Con ship
    Army
    • Guard2 Guard
    • Riptide5 Frigate
    • Oppressor2 Destroyer
    Other
    • Naval Radar / Sonar Tower2 Naval Radar / Sonar Tower

    Some games also: geo (47%) · Thistle (40%) · submarine (34%)

    By 10:00 in all: 10 mex · 15 wind · 1 geo · 4 converter · 1 energy storage · 2 con turret

    The example game in this phase · 89 steps
    1. HerringMissile corvette
    2. Con turret
    3. Wind
    4. RiptideFrigatedone 5:44 · typical 4:35
    5. Converter
    6. RiptideFrigate ×2
    7. Converter
    8. RiptideFrigate ×2
    9. Geothermal PowerplantGeodone 10:11 · typical 7:59
    10. RiptideFrigate
    11. OppressorDestroyer
    12. Death CavalryDeath Cavalry
    13. HerringMissile corvette
    14. Advanced Metal ExtractorT2 mexdone 10:22 · typical 9:22
    15. RiptideFrigate
    16. Aircraft PlantAircraft Plantnot finished by 15:00
    17. Vehicle PlantVehicle Plantdone 9:35
    18. Tidal
    19. Mex
    20. Con turret
    21. IncisorIncisor
    22. Naval Radar / Sonar TowerNaval Radar / Sonar Tower
    23. Tidal
    24. Wind
    25. Tidal
    26. IncisorIncisor
    27. Wind
    28. BruteBrute
    29. Tidal
    30. Wind ×2
    31. BruteBrute
    32. Mex
    33. Wind
    34. Advanced Metal ExtractorT2 mex
    35. Tidal
    36. BruteBrutefor Suicide front
    37. Converter
    38. Wind
    39. Tidal
    40. Wind
    41. BruteBrute ×2for Suicide front
    42. Tidal
    43. Wind
    44. BruteBrutefor Suicide front
    45. Converter
    46. Mex
    47. BruteBrutefor Suicide front
    48. Tidal
    49. Wind
    50. BruteBrutefor Suicide front
    51. Tidal
    52. BruteBrutefor Suicide front
    53. Converter
    54. Advanced Metal ExtractorT2 mex
    55. Wind
    56. BruteBrutefor Suicide front
    57. ShipyardShipyarddone 12:14
    58. BruteBrutefor Suicide front
    59. BruteBrute
    60. Wind
    61. Converter
    62. OppressorDestroyer ×2
    63. Converter
    64. OppressorDestroyer
    65. Advanced Metal ExtractorT2 mex
    66. Wind
    67. OppressorDestroyer
    68. Wind
    69. Converter
    70. OppressorDestroyer
    71. Wind ×2
    72. OppressorDestroyer
    73. Converter
    74. Death CavalryDeath Cavalry ×2
    75. Wind
    76. OppressorDestroyer
    77. Wind
    78. Radar TowerRadar Tower
    79. Converter
    80. Advanced Metal ExtractorT2 mex
    81. Con turret
    82. OppressorDestroyer
    83. Wind
    84. GuardGuard
    85. Construction ShipCon ship
    86. Wind
    87. Construction ShipCon ship
    88. GuardGuard
    89. Wind

Counts are medians over the build's games: half of them build more, half fewer. The example game is Cloud_'s (49 OS, 26/08/2026); pick another.

Team trades

IN AT LEAST 30% OF ITS GAMES

You hand over

  • Wind Turbine2 Wind to Airfirst at 1:48 · in 72% of games

You get

  • Finch1 Finch from Airfirst at 1:51 · in 83% of games
  • Hercules1 Light transport from Airfirst at 2:00 · in 75% of games
  • Advanced Construction Bot1 T2 con bot from Techfirst at 7:44 · in 89% of games

How it plays out

Typical game of this build, running totals by minute

Metal produced

010k20k30k
0:005:0010:0015:00

metal

Enemy metal destroyed

05k10k
0:005:0010:0015:00

metal

Own metal lost

02.5k5k7.5k
0:005:0010:0015:00

metal

1095 games.

Show as table
ByMetal produced: This buildEnemy metal destroyed: This buildOwn metal lost: This build
1:0039700
2:0092800
3:00156700
4:002900051
5:00410813052
6:005463440241
7:006945930551
8:0086091570904
9:001049124521351
10:001261236252061
11:001521948812901
12:001812163983761
13:002141473934451
14:002501686485371
15:002879197536300
WHAT THE NUMBERS SAY

Standard Cortex geo sea sits at an even 50% win rate, trading a slower start for a big resource lead by 15:00.

  • + Metal produced hits 28451 by 15:00, well above both front roles
  • + Own metal lost stays far below enemy metal destroyed at every checkpoint
  • − Only 50% team win rate, the lowest of these six builds
  • − T2 factory only completes in 40% of games by 12:53
THE EXAMPLE YOU ARE READING

Cloud_

48.8 OS · 26/08/2026

Open source match ↗

4 received units · includes a constructor
470 metal received · 38208 energy received

Allied construction assistance is unknown. Timings are observations, not a promise of solo reproducibility.

Typical milestones

Bot Lab1:12Middle 50%: 1:06–1:26 · n=1084
Shipyard3:17Middle 50%: 3:02–3:33 · n=1089
Orca4:19Middle 50%: 3:54–5:00 · n=754
Riptide4:35Middle 50%: 4:08–5:20 · n=1063
Oppressor5:52Middle 50%: 5:08–6:35 · n=991
Geothermal Powerplant7:59Middle 50%: 7:01–9:00 · n=654
Advanced Metal Extractor9:22Middle 50%: 8:45–10:10 · n=940

Played most by

sirniho122games of this buildSHOGVN92games of this buildOptimusprimenutt84games of this buildPRO_Rerory47games of this buildhihimik41games of this build